 Dungeon Crawl Stone Soup version 0.20.0-4-g10b340a (webtiles) character file.

63 Gargoyl the Skirmisher (level 4, -2/39 (40) HPs)
             Began as a Ghoul Abyssal Knight on May 28, 2017.
             Was a Follower of Lugonu.
             Slain by a scorpion (8 damage)
             ... on level 5 of the Dungeon.
             The game lasted 00:04:04 (1612 turns).

Gargoyl the Skirmisher (Ghoul Abyssal Knight)       Turns: 1612, Time: 00:04:05

HP:   -2/39 (40)    AC:  9    Str: 15    XL:     4   Next: 10%
MP:   5/5           EV: 10    Int:  7    God:    Lugonu [*.....]
Gold: 78            SH:  0    Dex:  9    Spells: 3/3 levels left

rFire    . . .     SeeInvis .   a - +2 hand axe
rCold    + . .     Gourm    .   (no shield)
rNeg     + + +     Faith    .   i - +1 ring mail (curse)
rPois    ∞         Spirit   .   (no helmet)
rElec    .         Reflect  .   (no cloak)
rCorr    .         Harm     .   (no gloves)
MR       +....                  d - +2 pair of boots
Stlth    ..........             (no amulet)
Regen    0.0/turn               l - ring of protection from magic
MPRegen  0.1/turn               (no ring)

@: confused, rotting
A: rotting body, claws 1, carnivore 3, cold resistance 1, negative energy
resistance 3, inhibited regeneration, torment resistance, unbreathing
a: Depart the Abyss, Renounce Religion


You were on level 5 of the Dungeon.
You worshipped Lugonu.
Lugonu was aware of your devotion.
You were not hungry.

You visited 1 branch of the dungeon, and saw 4 of its levels.
You visited the Abyss 1 time.

You collected 78 gold pieces.

Inventory:

Hand Weapons
 a - a +2 hand axe (weapon)
Armour
 d - a +2 pair of boots (worn)
 i - a cursed +1 ring mail (worn)
Jewellery
 l - a ring of protection from magic (left claw)
Scrolls
 e - a scroll of amnesia
Potions
 f - a potion of curing {unknown}
 k - a potion of flight {unknown}
Comestibles
 c - a meat ration
 g - a royal jelly
 j - 6 chunks of flesh


   Skills:
 + Level 3.8 Fighting
 + Level 2.5 Axes
 * Level 1.9 Armour
 + Level 1.3 Dodging
 * Level 2.9 Invocations


You had 3 spell levels left.
You didn't know any spells.

Dungeon Overview and Level Annotations

Branches:
Dungeon (5/15)
 Temple: D:4-7

Altars:


Innate Abilities, Weirdness & Mutations

Your body is rotting away.
You thrive on raw meat.
You are immune to poison.
You have sharp fingernails.
You are carnivorous and can eat meat at any time.
Your flesh is cold resistant. (rC+)
You are immune to negative energy. (rN+++)
You do not regenerate when monsters are visible.
You are immune to unholy pain and torment.
You can survive without breathing.


Message History

You climb downwards.
A scorpion and an orc come into view.
The orc shouts!
Found 10 gold pieces and a scroll labeled RYLEDW BEYF.
There is a stone staircase leading up here.
You hit something. Something hits you but does no damage.
You hear some strange, mumbled words.
You are confused.
Unknown command.
You hit something. You closely miss the scorpion.
The scorpion barely misses you. Something hits you.
* * * LOW HITPOINT WARNING * * *
You bump into the rock wall.
The scorpion stings you.
* * * LOW HITPOINT WARNING * * *
Something hits you but does no damage.
A sky beast comes into view.
Unknown command.
You miss something. You hit the scorpion but do no damage.
The scorpion stings you!
You die...

. ## .. ##
.####. ... #.
#......
##..#.##.....##
..............#
..............#
#.{@.......
#.#.s...... ..
#........ ...
#..o....# #..
#...$.... ##
.........
?........
.....Y...


You could see a sky beast, a scorpion and an orc.

Vanquished Creatures
  2 adders (D:2)
  3 dart slugs
  2 leopard geckos (D:1)
  6 goblins
  3 hobgoblins
  6 jackals
  5 bats
  A frilled lizard (D:2)
  3 kobolds
  4 rats
35 creatures vanquished.

Notes
Turn   | Place    | Note
-------+----------+-------------------------------------------
     0 | Abyss:1  | Gargoyl the Ghoul Abyssal Knight began the quest for the Orb.
     0 | Abyss:1  | Reached XP level 1. HP: 19/19 MP: 1/1
   152 | Abyss:2  | Noticed a raiju
   153 | D:1      | Escaped the Abyss
   410 | D:1      | Reached skill level 1 in Dodging
   670 | D:1      | Reached XP level 2. HP: 23/24 MP: 2/2
   902 | D:1      | Reached * piety under Lugonu
  1114 | D:1      | Reached XP level 3. HP: 33/33 MP: 3/3
  1417 | D:2      | Reached XP level 4. HP: 36/40 MP: 5/5
  1538 | D:2      | You fall through a shaft for 2 floors!
  1538 | D:4      | Noticed a phantom
  1608 | D:5      | Entered Level 5 of the Dungeon
  1612 | D:5      | Noticed a sky beast
  1612 | D:5      | Slain by a scorpion

Skill      XL: |  1 |
---------------+----+-----
Dodging        | 1 |  1.3
Axes           | 2 |  2.5
Fighting       | |  3.8
Armour         | |  1.9
Invocations    | |  2.9

Action                   |  1- 3 |  4- 6 || total
-------------------------+-------+-------++-------
Melee: Hand axe          |   117 |    46 ||   163
Invok: Depart the Abyss  |     1 |       ||     1
  Use: Scroll            |     2 |     4 ||     6
  Eat: Chunk             |    15 |     2 ||    17
Armor: Leather armour    |    17 |       ||    17
       Ring mail         |    53 |    27 ||    80
Dodge: Dodged            |   106 |    18 ||   124
